Wild vs Barracuda

Created - 15 novembre 2025 at 07:29

Goals
1 2 3 OT1 T
Wild 1 0 0 1 2
Barracuda 0 0 1 0 1
Shots
1 2 3 OT1 T
Wild 2 0 9 2 13
Barracuda 11 4 3 0 18

GoalsPenalties
1st period
1. Wild , Curtis McKenzie 8 (Cole Bardreau 3, Alex Limoges 12) at 1:48
Brandon Baddock (S J) for Tripping (Minor) at 14:27
2nd period
No Goal
No Penalty
3rd period
2. Barracuda , Joshua Roy 5 (Chris Terry 3) at 3:27
Curtis McKenzie (MIN) for Cross-checking (Minor) at 16:52
Overtime #1
3. Wild , Frank Nazar 1 (Cole Bardreau 4) at 0:38
No Penalty
Goalie Stats
Yaroslav Askarov (MIN), 17 saves from 18 shots - (0,944), W, 8-5-3, 60:38 minutes
Jonas Johansson (S J), 11 saves from 13 shots - (0,846), OTL, 13-3-3, 60:38 minutes
3 StarsOfficial
1 - Cole Bardreau (MIN)
2 - Frank Nazar (MIN)
3 - Curtis McKenzie (MIN)
Referees : Kelly Sutherland and Peter MacDougall
Linesman : Jeremy Faucher and Matthew Heinen
Game Note
No Game Note



Team Name Goals Shots Shots Attemp Shots Blocked PIM HIT PP PK FO%
Wild 2132232120 / 1 (0%)045%
Barracuda 1182722180 / 1 (0%)055%

Wild
Player Name POS G A P +/- PIM HIT SHT SB MP PP MP PP SHT PK MP PK SHT FO% FOT GA TA
Alex LimogesC0111004022:091:1200:00036% 2500
Anthony VincentC/LW/RW0000010015:260:2300:5400% 000
Cole BardreauC/LW/RW0221041020:560:3900:500100% 100
Curtis McKenzieLW1011213022:561:1700:000100% 110
David JiricekD000-1000024:271:2700:5800% 000
Ethan EdwardsD000000001:270:0000:0000% 000
Frank NazarC1010002014:590:2200:53050% 602
Hunter BrzustewiczD0000000019:110:3201:0100% 010
Jack RathboneD0000022022:231:2700:5800% 000
Jakub DemekC0000000010:050:0000:2800% 001
Jimmy SnuggerudRW0000011023:461:1700:50033% 303
Joakim KemellRW000-1020118:550:4700:0000% 010
Matthew SavoieC0000000017:330:0000:00067% 300
Ryan MastD0002000117:110:0000:0300% 000
Topi NiemeläD0000010119:400:3201:0100% 000
Travis MitchellD0001000016:540:0000:0000% 000
Trey TaylorD000-100007:240:0000:0000% 000
Zack OstapchukC000000004:320:0000:000100% 100
Barracuda
Player Name POS G A P +/- PIM HIT SHT SB MP PP MP PP SHT PK MP PK SHT FO% FOT GA TA
Alex GallantLW000-101007:290:4400:4500% 000
Andy WelinskiD000-2000120:271:0000:4600% 010
Brandon BaddockLW0000222016:210:1600:0000% 000
Cavan FitzgeraldD0000040126:500:5901:1300% 010
Chris TerryC/LW/RW0110012017:020:0000:0000% 011
Cole KrygierD0001001012:030:0000:0000% 000
Conor ShearyC/LW/RW0000010019:060:5300:0000% 010
Elmer SoderblomLW0000010021:550:5400:36050% 1200
Jack BeckerC/LW/RW0000012015:310:0000:00050% 400
Jeff KubiakC/LW/RW0000011014:020:4400:09050% 200
John HaydenC000-1027023:340:5511:14156% 1610
Joshua RoyLW/RW1010003022:490:5901:14067% 610
Maveric LamoureuxD000-1010017:100:0000:2800% 000
Michael CallahanD0001000022:370:5300:0000% 001
Nikita PavlychevC0000020015:330:0000:0000% 001
Ryan DzingelC/LW/RW000000005:540:3200:0000% 000
Taylor FedunD000000001:160:0000:0000% 000
Tyler KlevenD0000010020:151:0601:3100% 000

Wild

5 vs 5 Forward
Line #Left WingCenterRight WingPHYDFOFWanted %Time %Time Play
1Curtis McKenzieAlex LimogesJimmy Snuggerud1224034%18:57
2Curtis McKenzieJimmy SnuggerudJoakim Kemell1223028%15:53
3Cole BardreauAlex LimogesJimmy Snuggerud1222017%9:37
4Curtis McKenzieMatthew SavoieJimmy Snuggerud1221021%11:35
5 vs 5 Defense
Line #DefenseDefensePHYDFOFWanted %Time %Time Play
1David JiricekJack Rathbone1224036%20:16
2Hunter BrzustewiczTopi Niemelä1223033%18:34
3Ryan MastTravis Mitchell1222020%11:23
4David JiricekTrey Taylor1221010%5:49
Power Play Forward
Line #Left WingCenterRight WingPHYDFOFWanted %Time %Time Play
1Curtis McKenzieAlex LimogesJimmy Snuggerud1226063%1:15
2Jimmy SnuggerudCurtis McKenzieJoakim Kemell1224037%0:44
Power Play Defense
Line #DefenseDefensePHYDFOFWanted %Time %Time Play
1David JiricekJack Rathbone1226073%1:27
2Hunter BrzustewiczTopi Niemelä1224027%0:32
Penalty Kill 4 Players Forward
Line #CenterWingPHYDFOFWanted %Time %Time Play
1Jimmy SnuggerudCurtis McKenzie12260100%1:59
2Curtis McKenzieJimmy Snuggerud122400%0:00
Penalty Kill 4 Players Defense
Line #DefenseDefensePHYDFOFWanted %Time %Time Play
1David JiricekJack Rathbone1226049%0:58
2Hunter BrzustewiczTopi Niemelä1224051%1:01
Penalty Kill 3 Players
Line #WingPHYDFOFWanted %Time %Time PlayDefenseDefensePHYDFOFWanted %Time %Time Play
1Curtis McKenzie122600%0:00 David JiricekJack Rathbone122600%0:00
2Curtis McKenzie122400%0:00 Hunter BrzustewiczTopi Niemelä122400%0:00
4 vs 4 Forward
Line #CenterWingPHYDFOFWanted %Time %Time Play
1Jimmy SnuggerudCurtis McKenzie122600%0:00
2Curtis McKenzieJimmy Snuggerud122400%0:00
4 vs 4 Defense
Line #DefensePHYDFOFWanted %Time %Time Play
1David JiricekJack Rathbone122600%0:00
2Hunter BrzustewiczTopi Niemelä122400%0:00
Last Minutes Offensive
Left WingCenterRight WingDefenseDefense
Curtis McKenzieAlex LimogesJimmy SnuggerudDavid JiricekJack Rathbone
Last Minutes Defensive
Left WingCenterRight WingDefenseDefense
Curtis McKenzieAlex LimogesJimmy SnuggerudDavid JiricekJack Rathbone
Time
Total ForwardTotal DefenseLast Minutes OffensiveLast Minutes Defensive
60:00 60:00 0:000:00
Extra Forwards
Normal PowerPlayPenalty Kill
Curtis McKenzie, Alex Limoges, Matthew SavoieCurtis McKenzie, Alex LimogesCurtis McKenzie
Extra Defensemen
Normal PowerPlayPenalty Kill
Travis Mitchell, David Jiricek, Trey TaylorTravis Mitchell, Travis MitchellDavid Jiricek
Penalty Shots
Matthew Savoie, Joakim Kemell, Jimmy Snuggerud, Alex Limoges, Curtis McKenzie
Goalie
Yaroslav Askarov, Dylan Ferguson
Scratches
Cooper Marody (Healthy), Evan Polei (Healthy), Tanner Dickinson (Healthy), Ben Hemmerling (Healthy), Carson Bantle (Healthy) Filip Mesar (Healthy), Ondrej Becher (Healthy), Tommy Bergsland (Healthy), Ryan McGregor (Healthy), Dryden McKay (Healthy)

Barracuda

5 vs 5 Forward
Line #Left WingCenterRight WingPHYDFOFWanted %Time %Time Play
1Conor ShearyJohn HaydenElmer Soderblom1224027%15:05
2Joshua RoyElmer SoderblomJohn Hayden1223018%10:14
3Chris TerryJoshua RoyNikita Pavlychev1222028%15:33
4Brandon BaddockJack BeckerJoshua Roy1221027%15:10
5 vs 5 Defense
Line #DefenseDefensePHYDFOFWanted %Time %Time Play
1Tyler KlevenCavan Fitzgerald1224031%17:19
2Michael CallahanCavan Fitzgerald1223021%11:53
3Maveric LamoureuxAndy Welinski1222026%14:47
4Cole KrygierMichael Callahan1221022%12:03
Power Play Forward
Line #Left WingCenterRight WingPHYDFOFWanted %Time %Time Play
1Joshua RoyJohn HaydenElmer Soderblom12260100%1:59
2Joshua RoyElmer SoderblomJohn Hayden122400%0:00
Power Play Defense
Line #DefenseDefensePHYDFOFWanted %Time %Time Play
1Cavan FitzgeraldTyler Kleven1226055%1:06
2Michael CallahanCavan Fitzgerald1224045%0:53
Penalty Kill 4 Players Forward
Line #CenterWingPHYDFOFWanted %Time %Time Play
1John HaydenJoshua Roy12260100%1:59
2Joshua RoyJohn Hayden122400%0:00
Penalty Kill 4 Players Defense
Line #DefenseDefensePHYDFOFWanted %Time %Time Play
1Cavan FitzgeraldTyler Kleven1226076%1:31
2Maveric LamoureuxCavan Fitzgerald1224024%0:28
Penalty Kill 3 Players
Line #WingPHYDFOFWanted %Time %Time PlayDefenseDefensePHYDFOFWanted %Time %Time Play
1John Hayden122600%0:00 Cavan FitzgeraldTyler Kleven122600%0:00
2Joshua Roy122400%0:00 Cole KrygierCavan Fitzgerald122400%0:00
4 vs 4 Forward
Line #CenterWingPHYDFOFWanted %Time %Time Play
1John HaydenElmer Soderblom122600%0:00
2Joshua RoyJohn Hayden122400%0:00
4 vs 4 Defense
Line #DefensePHYDFOFWanted %Time %Time Play
1Cavan FitzgeraldMichael Callahan122600%0:00
2Andy WelinskiCavan Fitzgerald122400%0:00
Last Minutes Offensive
Left WingCenterRight WingDefenseDefense
Conor ShearyJohn HaydenElmer SoderblomTyler KlevenCavan Fitzgerald
Last Minutes Defensive
Left WingCenterRight WingDefenseDefense
Conor ShearyJohn HaydenElmer SoderblomTyler KlevenCavan Fitzgerald
Time
Total ForwardTotal DefenseLast Minutes OffensiveLast Minutes Defensive
60:00 60:00 0:000:00
Extra Forwards
Normal PowerPlayPenalty Kill
John Hayden, Joshua Roy, Conor ShearyElmer Soderblom, John HaydenElmer Soderblom
Extra Defensemen
Normal PowerPlayPenalty Kill
Cavan Fitzgerald, Tyler Kleven, Michael CallahanCavan Fitzgerald, Maveric LamoureuxCavan Fitzgerald
Penalty Shots
Conor Sheary, Chris Terry, Joshua Roy, John Hayden, Elmer Soderblom
Goalie
Jonas Johansson, Jesper Vikman
Scratches
Dylan McIlrath (Healthy), Calle Rosen (Healthy), Jonathan Lekkerimaki (Healthy), Jeremy Brodeur (Healthy), Michael Houser (Healthy)


Play-by-Play

1st period


0:01 of 1st period - John Hayden wins face-off versus Alex Limoges in neutral zone.
0:50 of 1st period - Joshua Roy is hit by Jack Rathbone.
0:59 of 1st period - Off-side.
1:00 of 1st period - John Hayden wins face-off versus Jimmy Snuggerud in neutral zone.
1:03 of 1st period - Wrist shot by John Hayden.
1:03 of 1st period - Stopped by Yaroslav Askarov without a rebound.
1:04 of 1st period - Jimmy Snuggerud wins face-off versus John Hayden in Wild zone.
1:38 of 1st period - Wrist shot by Cole Bardreau.
1:38 of 1st period - Stopped by Jonas Johansson without a rebound.
1:39 of 1st period - Alex Limoges wins face-off versus Joshua Roy in Barracuda zone.
1:48 of 1st period - Snap shot by Cole Bardreau.
1:48 of 1st period - Deflect By Curtis McKenzie.
1:48 of 1st period - Goal by Curtis McKenzie - Wild : 1 - Barracuda : 0.
1:49 of 1st period - Alex Limoges wins face-off versus Elmer Soderblom in neutral zone.
1:55 of 1st period - Icing by Michael Callahan.
1:56 of 1st period - Alex Limoges wins face-off versus Elmer Soderblom in Barracuda zone.
2:01 of 1st period - Wrist shot by Alex Limoges.
2:01 of 1st period - Shot Misses the Net.
3:32 of 1st period - Icing by Conor Sheary.
3:33 of 1st period - Alex Limoges wins face-off versus John Hayden in Barracuda zone.
4:05 of 1st period - Wrist shot by John Hayden.
4:05 of 1st period - Stopped by Yaroslav Askarov with a rebound.
4:37 of 1st period - Cavan Fitzgerald is hit by Jimmy Snuggerud and loses puck.
6:45 of 1st period - Chris Terry is hit by Jack Rathbone and loses puck.
7:28 of 1st period - Cole Krygier is hit by Cole Bardreau and loses puck.
8:11 of 1st period - Frank Nazar is hit by Alex Gallant and loses puck.
9:49 of 1st period - Trey Taylor is hit by Jeff Kubiak and loses puck.
11:25 of 1st period - Zack Ostapchuk is hit by Elmer Soderblom and loses puck.
12:01 of 1st period - Icing by Jeff Kubiak.
12:02 of 1st period - Jeff Kubiak wins face-off versus Frank Nazar in Barracuda zone.
12:38 of 1st period - Slapshot by Jack Becker.
12:38 of 1st period - Stopped by Yaroslav Askarov without a rebound.
12:39 of 1st period - Jack Becker wins face-off versus Alex Limoges in Wild zone.
12:44 of 1st period - Wrist shot by Brandon Baddock.
12:44 of 1st period - Stopped by Yaroslav Askarov without a rebound.
12:45 of 1st period - John Hayden wins face-off versus Alex Limoges in Wild zone.
12:48 of 1st period - Snap shot by Elmer Soderblom.
12:48 of 1st period - Shot Misses the Net.
12:50 of 1st period - Wrist shot by John Hayden.
12:50 of 1st period - Stopped by Yaroslav Askarov without a rebound.
12:51 of 1st period - John Hayden wins face-off versus Alex Limoges in Wild zone.
13:25 of 1st period - Off-side.
13:26 of 1st period - Matthew Savoie wins face-off versus Joshua Roy in neutral zone.
13:39 of 1st period - Joakim Kemell is hit by Nikita Pavlychev and loses puck.
13:50 of 1st period - Conor Sheary is hit by Topi Niemelä and loses puck.
14:27 of 1st period - Minor Penalty to Brandon Baddock for Tripping.
14:28 of 1st period - John Hayden wins face-off versus Alex Limoges in Barracuda zone.
14:36 of 1st period - Off-side.
14:37 of 1st period - John Hayden wins face-off versus Alex Limoges in neutral zone.
14:44 of 1st period - Slapshot by John Hayden.
14:44 of 1st period - Stopped by Yaroslav Askarov without a rebound.
14:45 of 1st period - Alex Limoges wins face-off versus John Hayden in Wild zone.
15:28 of 1st period - Joakim Kemell is hit by Cavan Fitzgerald and loses puck.
15:47 of 1st period - Elmer Soderblom is hit by Cole Bardreau and loses puck.
15:58 of 1st period - Andy Welinski is hit by Joakim Kemell.
16:27 of 1st period - Penalty to Brandon Baddock is over, Brandon Baddock is back on ice.
16:36 of 1st period - Slapshot by Brandon Baddock.
16:36 of 1st period - Shot Blocked by Joakim Kemell.
16:38 of 1st period - Snap shot by John Hayden.
16:38 of 1st period - Shot Blocked by Topi Niemelä.
16:40 of 1st period - Snap shot by John Hayden.
16:40 of 1st period - Stopped by Yaroslav Askarov with a rebound.
16:42 of 1st period - Wrist shot by Brandon Baddock.
16:42 of 1st period - Shot Misses the Net.
16:44 of 1st period - Slapshot by John Hayden.
16:44 of 1st period - Stopped by Yaroslav Askarov without a rebound.
16:45 of 1st period - Joshua Roy wins face-off versus Alex Limoges in Wild zone.
16:46 of 1st period - Wrist shot by Chris Terry.
16:46 of 1st period - Deflect By Jimmy Snuggerud.
16:46 of 1st period - Stopped by Yaroslav Askarov without a rebound.
16:47 of 1st period - Joshua Roy wins face-off versus Alex Limoges in Wild zone.
16:48 of 1st period - Wrist shot by Chris Terry.
16:48 of 1st period - Deflect By Joshua Roy.
16:48 of 1st period - Stopped by Yaroslav Askarov without a rebound.
16:49 of 1st period - Joshua Roy wins face-off versus Alex Limoges in Wild zone.
16:54 of 1st period - Slapshot by Chris Terry.
16:54 of 1st period - Stopped by Yaroslav Askarov with a rebound.
17:25 of 1st period - Off-side.
17:26 of 1st period - Jack Becker wins face-off versus Matthew Savoie in neutral zone.
18:12 of 1st period - Cole Bardreau is hit by Nikita Pavlychev and loses puck.
19:54 of 1st period - Zack Ostapchuk is hit by John Hayden and loses puck.
Goals for this period are 1 for Wild vs 0 for Barracuda.
Shots for this period are 2 for Wild vs 11 for Barracuda.

2nd period


0:01 of 2nd period - Elmer Soderblom wins face-off versus Alex Limoges in neutral zone.
1:28 of 2nd period - Snap shot by Brandon Baddock.
1:28 of 2nd period - Stopped by Yaroslav Askarov with a rebound.
1:30 of 2nd period - Snap shot by Jeff Kubiak.
1:30 of 2nd period - Stopped by Yaroslav Askarov with a rebound.
1:32 of 2nd period - Snap shot by Jack Becker.
1:32 of 2nd period - Deflect By Brandon Baddock.
1:32 of 2nd period - Shot Misses the Net.
1:32 of 2nd period - Puck is out of play.
1:33 of 2nd period - Matthew Savoie wins face-off versus Jack Becker in Wild zone.
1:46 of 2nd period - Wrist shot by Jack Becker.
1:46 of 2nd period - Stopped by Yaroslav Askarov without a rebound.
1:47 of 2nd period - Elmer Soderblom wins face-off versus Alex Limoges in Wild zone.
1:56 of 2nd period - Snap shot by John Hayden.
1:56 of 2nd period - Shot Misses the Net.
2:34 of 2nd period - Snap shot by Joshua Roy.
2:34 of 2nd period - Stopped by Yaroslav Askarov without a rebound.
2:35 of 2nd period - Cole Bardreau wins face-off versus Jack Becker in Wild zone.
3:41 of 2nd period - Chris Terry is hit by Cole Bardreau and loses puck.
10:37 of 2nd period - Jeff Kubiak is hit by Joakim Kemell and loses puck.
12:17 of 2nd period - Icing by Cavan Fitzgerald.
12:18 of 2nd period - Zack Ostapchuk wins face-off versus John Hayden in Barracuda zone.
Goals for this period are 0 for Wild vs 0 for Barracuda.
Shots for this period are 0 for Wild vs 4 for Barracuda.

3rd period


0:01 of 3rd period - Elmer Soderblom wins face-off versus Alex Limoges in neutral zone.
0:25 of 3rd period - Joakim Kemell is hit by Cavan Fitzgerald and loses puck.
1:56 of 3rd period - Icing by Chris Terry.
1:57 of 3rd period - John Hayden wins face-off versus Alex Limoges in Barracuda zone.
2:22 of 3rd period - David Jiricek is hit by Jack Becker and loses puck.
2:37 of 3rd period - Joakim Kemell is hit by Maveric Lamoureux and loses puck.
3:23 of 3rd period - Icing by David Jiricek.
3:24 of 3rd period - Joshua Roy wins face-off versus Frank Nazar in Wild zone.
3:27 of 3rd period - Snap shot by Chris Terry.
3:27 of 3rd period - Deflect By Joshua Roy.
3:27 of 3rd period - Goal by Joshua Roy - Wild : 1 - Barracuda : 1.
3:28 of 3rd period - Alex Limoges wins face-off versus Elmer Soderblom in neutral zone.
3:31 of 3rd period - Snap shot by Curtis McKenzie.
3:31 of 3rd period - Stopped by Jonas Johansson with a rebound.
3:33 of 3rd period - Wrist shot by Curtis McKenzie.
3:33 of 3rd period - Deflect By Michael Callahan.
3:33 of 3rd period - Shot Misses the Net.
3:33 of 3rd period - Puck is out of play.
3:34 of 3rd period - Elmer Soderblom wins face-off versus Alex Limoges in Barracuda zone.
3:42 of 3rd period - Icing by Curtis McKenzie.
3:43 of 3rd period - Alex Limoges wins face-off versus Elmer Soderblom in Wild zone.
3:43 of 3rd period - Alex Limoges is hit by John Hayden.
3:49 of 3rd period - Wrist shot by Curtis McKenzie.
3:49 of 3rd period - Shot Misses the Net.
3:51 of 3rd period - Slapshot by Jack Rathbone.
3:51 of 3rd period - Deflect By Jimmy Snuggerud.
3:51 of 3rd period - Shot Misses the Net.
3:51 of 3rd period - Puck is out of play.
3:52 of 3rd period - Alex Limoges wins face-off versus John Hayden in Barracuda zone.
3:55 of 3rd period - Slapshot by Alex Limoges.
3:55 of 3rd period - Stopped by Jonas Johansson with a rebound.
3:57 of 3rd period - Slapshot by Jack Rathbone.
3:57 of 3rd period - Stopped by Jonas Johansson without a rebound.
3:58 of 3rd period - Alex Limoges wins face-off versus Elmer Soderblom in Barracuda zone.
3:59 of 3rd period - Wrist shot by Jimmy Snuggerud.
3:59 of 3rd period - Shot Misses the Net.
4:01 of 3rd period - Slapshot by David Jiricek.
4:01 of 3rd period - Shot Blocked by Cavan Fitzgerald.
4:03 of 3rd period - Snap shot by Alex Limoges.
4:03 of 3rd period - Stopped by Jonas Johansson with a rebound.
4:05 of 3rd period - Wrist shot by Alex Limoges.
4:05 of 3rd period - Stopped by Jonas Johansson with a rebound.
4:07 of 3rd period - Snap shot by Curtis McKenzie.
4:07 of 3rd period - Shot Misses the Net.
4:11 of 3rd period - Wrist shot by Curtis McKenzie.
4:11 of 3rd period - Stopped by Jonas Johansson without a rebound.
4:12 of 3rd period - Curtis McKenzie wins face-off versus Elmer Soderblom in Barracuda zone.
4:13 of 3rd period - Snap shot by Jimmy Snuggerud.
4:13 of 3rd period - Shot Misses the Net.
4:23 of 3rd period - Snap shot by Alex Limoges.
4:23 of 3rd period - Stopped by Jonas Johansson without a rebound.
4:24 of 3rd period - Elmer Soderblom wins face-off versus Alex Limoges in Barracuda zone.
4:33 of 3rd period - Snap shot by Jack Rathbone.
4:33 of 3rd period - Stopped by Jonas Johansson with a rebound.
4:35 of 3rd period - Wrist shot by Jimmy Snuggerud.
4:35 of 3rd period - Stopped by Jonas Johansson without a rebound.
4:36 of 3rd period - Elmer Soderblom wins face-off versus Alex Limoges in Barracuda zone.
5:03 of 3rd period - Curtis McKenzie is hit by Chris Terry and loses puck.
5:59 of 3rd period - Wrist shot by Conor Sheary.
5:59 of 3rd period - Shot Misses the Net.
6:01 of 3rd period - Slapshot by Conor Sheary.
6:01 of 3rd period - Shot Blocked by Ryan Mast.
6:27 of 3rd period - Tyler Kleven is hit by Cole Bardreau and loses puck.
6:40 of 3rd period - Alex Limoges is hit by Cavan Fitzgerald and loses puck.
6:53 of 3rd period - Wrist shot by Jack Becker.
6:53 of 3rd period - Shot Misses the Net.
6:55 of 3rd period - Slapshot by Cole Krygier.
6:55 of 3rd period - Stopped by Yaroslav Askarov without a rebound.
6:56 of 3rd period - Frank Nazar wins face-off versus Jeff Kubiak in Wild zone.
6:56 of 3rd period - Frank Nazar is hit by Brandon Baddock.
7:49 of 3rd period - Topi Niemelä is hit by Cavan Fitzgerald and loses puck.
8:16 of 3rd period - Jakub Demek is hit by Conor Sheary and loses puck.
16:41 of 3rd period - Andy Welinski is hit by Curtis McKenzie.
16:52 of 3rd period - Minor Penalty to Curtis McKenzie for Cross-checking.
16:53 of 3rd period - John Hayden wins face-off versus Jimmy Snuggerud in Wild zone.
17:00 of 3rd period - Snap shot by John Hayden.
17:00 of 3rd period - Stopped by Yaroslav Askarov with a rebound.
17:39 of 3rd period - Alex Gallant is hit by Anthony Vincent and loses puck.
18:18 of 3rd period - Hunter Brzustewicz is hit by Brandon Baddock and loses puck.
18:52 of 3rd period - Penalty to Curtis McKenzie is over, Curtis McKenzie is back on ice.
19:52 of 3rd period - Cole Bardreau is hit by Tyler Kleven and loses puck.
Goals for this period are 0 for Wild vs 1 for Barracuda.
Shots for this period are 9 for Wild vs 3 for Barracuda.

Overtime #1


0:01 of 1st overtime period - John Hayden wins face-off versus Frank Nazar in neutral zone.
0:14 of 1st overtime period - Snap shot by Frank Nazar.
0:14 of 1st overtime period - Stopped by Jonas Johansson without a rebound.
0:15 of 1st overtime period - Frank Nazar wins face-off versus John Hayden in Barracuda zone.
0:30 of 1st overtime period - Slapshot by Cole Bardreau.
0:30 of 1st overtime period - Deflect By Frank Nazar.
0:30 of 1st overtime period - Shot Blocked by Andy Welinski.
0:30 of 1st overtime period - Puck is out of play.
0:31 of 1st overtime period - Frank Nazar wins face-off versus John Hayden in Barracuda zone.
0:38 of 1st overtime period - Wrist shot by Frank Nazar.
0:38 of 1st overtime period - Goal by Frank Nazar - Wild : 2 - Barracuda : 1.
Goals for this period are 1 for Wild vs 0 for Barracuda.
Shots for this period are 2 for Wild vs 0 for Barracuda.